 Dungeon Crawl Stone Soup version 0.30-a0-393-g54b8e3be05 (webtiles) character file.

Game seed: 10023195558362977323

26 arthad the Insei (level 3, -4/23 HPs)
             Began as an Octopode Transmuter on Dec 6, 2022.
             Slain by a worm (11 damage)
             ... on level 2 of the Dungeon.
             The game lasted 00:01:53 (639 turns).

arthad the Insei (Octopode Transmuter)               Turns: 639, Time: 00:01:54

Health: -4/23      AC:  1    Str:  9    XL:     3   Next: 8%
Magic:  5/6        EV: 13    Int: 17    God:
Gold:   46         SH:  0    Dex: 12    Spells: 5/6 levels left

rFire   . . .      SeeInvis .      - Unarmed
rCold   . . .      Faith    .    (no shield)
rNeg    . . .      Spirit   .    (helmet currently unavailable)
rPois   .          Reflect  .    (no amulet)
rElec   .          Harm     .    i - ring of resist corrosion
rCorr   +          Rampage  .    (no ring)
Will    .....                    (no ring)
Stlth   +++.......               (no ring)
HPRegen 0.23/turn                (no ring)
MPRegen 0.10/turn                (no ring)
                                 (no ring)
                                 (no ring)

@: appendages
A: tentacle spike 3, almost no armour, amphibious, 8 rings, camouflage 1,
gelatinous body 1, (nimble swimmer 1), tentacles
a: End Transformation


You were on level 2 of the Dungeon.
One of your tentacles had grown a beastly spike.
You visited 1 branch of the dungeon, and saw 2 of its levels.

You collected 46 gold pieces.

Inventory:

Missiles
 h - 3 poisoned darts
Jewellery
 i - a ring of resist corrosion (left tentacle)
Scrolls
 b - a scroll of teleportation {unknown}
 c - a scroll of identify {unknown}
 d - a scroll of fear {unknown}
 k - a scroll of enchant armour {unknown}
Potions
 a - a potion of lignification
 e - a potion of flight {unknown}
 f - a potion of curing {unknown}
 g - 2 potions of brilliance {unknown}
 j - a potion of invisibility {unknown}


   Skills:
 + Level 1.2 Fighting
 + Level 2.1 Dodging
 + Level 1.0 Stealth
 + Level 3.1 Unarmed Combat
 * Level 2.3 Spellcasting
 * Level 2.4 Transmutations


You had 5 spell levels left.
You knew the following spells:

 Your Spells              Type           Power      Damage    Failure   Level
a - Beastly Appendage     Tmut           20%        N/A       7%          1

Your spell library contained the following spells:

 Spells                   Type           Power      Damage    Failure   Level
 Wereblood                Tmut           10%        N/A       11%         2
 Spider Form              Tmut/Pois      6%         N/A       34%         3
 Call Canine Familiar     Summ           2%         N/A       50%         3
 Ice Form                 Ice/Tmut       6%         N/A       75%         4
 Petrify                  Tmut/Erth      6%         N/A       75%         4
 Summon Mana Viper        Hex/Summ       2%         N/A       99%         5
 Lehudib's Crystal Spear  Conj/Erth      1%         10d2      100%        8


Dungeon Overview and Level Annotations

Branches:
Dungeon (2/15)

Altars:


Innate Abilities, Weirdness & Mutations

One of your tentacles has grown a beastly spike.
You cannot wear most types of armour.
You are amphibious.
You can wear up to eight rings at the same time.
Your skin changes colour to match your surroundings (Stealth+).
Your rubbery body absorbs attacks. (AC +1, EV +1)
((You are camouflaged when in or above water. (Stealth+)))
You have tentacles for arms and can constrict up to eight enemies at once.


Message History

No target in view!
Magic restored.
Your transformation is almost over.
HP restored.
A frilled lizard comes into view.
The frilled lizard hisses angrily.
Found a mace.
Your tentacle spike disappears.
Found a mace.
You closely miss the frilled lizard. Your grab misses the frilled lizard.
You squeeze the frilled lizard.
The frilled lizard is heavily wounded.
The frilled lizard barely misses you.
You tentacle-slap the frilled lizard.
You kill the frilled lizard!
No target in view!
A worm comes into view.
Casting: Beastly Appendage (safe; 7% risk of failure)
Press: ? - help, Q - select action, (/) - cycle Dir - look around, f - activate One of your tentacles grows a vicious spike.
The worm bites you but does no damage.
You tentacle-slap the worm. Your grab misses the worm.
The worm is lightly wounded.
You tentacle-slap the worm. You grab the worm.
The worm is moderately wounded.
You constrict the worm. The worm bites you.
You tentacle-slap the worm but do no damage.
You pierce the worm.
The worm is moderately wounded.
You constrict the worm.
You tentacle-slap the worm but do no damage.
You squeeze the worm.
The worm is severely wounded.
You constrict the worm. The worm bites you!
You are too injured to fight recklessly!
You are too injured to fight recklessly!
You tentacle-slap the worm.
The worm is almost dead.
You constrict the worm. The worm bites you!
You die...

## .. .## ..# #.#
#w# ..## #@#
~~~~.#.###
~~~.)#...##
..........##
~..........#
~~.........######
...........##...#
.)............###
.........######


You could see a worm.

Vanquished Creatures
  A dart slug (D:1)
  A ball python (D:1)
  2 endoplasms (D:1)
  2 giant cockroaches (D:1)
  4 hobgoblins (D:1)
  2 kobolds (D:1)
  2 quokkas
  A bat (D:1)
  3 frilled lizards
  4 rats (D:1)
22 creatures vanquished.

Notes
Turn   | Place    | Note
-------+----------+-------------------------------------------
     0 | D:1      | arthad the Octopode Transmuter began the quest for the Orb.
     0 | D:1      | Reached XP level 1. HP: 13/13 MP: 3/3
   106 | D:1      | Reached XP level 2. HP: 14/18 MP: 3/5
   211 | D:1      | Got Zaonixt's Dissertation on Rallying and the Quarry
   405 | D:1      | Reached XP level 3. HP: 23/23 MP: 6/6
   582 | D:2      | Identified the +1 ring mail of Starshine {-Tele Int+4
                  | Dex+3}
   592 | D:2      | Reached skill level 1 in Stealth
   639 | D:2      | Slain by a worm

Illustrated notes

Levels and vault maps discovered:
D:1:      minmay_arrival_stair_chambers, layout_rooms
D:2:      layout_rooms, serial_rivers, chequers_serial_rivers_marsh,
          chequers_serial_rivers_marsh, chequers_serial_rivers_micro_c,
          chequers_serial_rivers_micro_b, chequers_serial_rivers_micro_e,
          chequers_serial_rivers_marsh,
          shapermc_ecumenical_altar_mp_urbaneastern, uniq_crazy_yiuf_cottage

Skill      XL: |  1  2  3 |
---------------+----------+-----
Stealth        | 1 |  1.0
Fighting       | |  1.2
Dodging        | |  2.1
Unarmed Combat | |  3.1
Spellcasting   | |  2.3
Transmutations | |  2.4

Action                   || total
-------------------------++-------
Melee: Unarmed           ||    51
       Kick              ||    11
       Constrict         ||    12
       Tentacles         ||     8
       Punch             ||     2
 Cast: Beastly Appendage ||    10
 Stab: Sleeping          ||     3
Armor: Skin              ||     3
Dodge: Dodged            ||    21

Table legend: (Time is in decaauts)
 A = Elapsed time spent in this place.
 B = Non-inter-level travel time spent in this place.
 C = Inter-level travel time spent in this place.
 D = Time resting spent in this place.
 E = Time spent auto-exploring this place.
 F = Levels seen in this place.
 G = Mean time per level.
                   A        B        C        D        E       F      G
               +--------+--------+--------+--------+--------+-----+--------+
         Total |    635 |    609 |     26 |     25 |    427 |   2 |  317.5 |
       Dungeon |    635 |    609 |     26 |     25 |    427 |   2 |  317.5 |
               +--------+--------+--------+--------+--------+-----+--------+

Top non-repeatable levels by time:
     D:1: 574 daAuts
     D:2: 61 daAuts
